AoeStats
← JLlanqui

Arabian Desert

510003577Analyzed
1v1 RM · 2d ago on Sep 29, 2026· 32m 24s· 2 players
Game mode
Random Map
Map size
Tiny (2 player)
Population
200
Speed
Normal
Resources
Standard
Victory
Conquest
Starting age
Dark Age
Ending age
Imperial Age
RankedLock teamsTeams togetherTeam positionsShared explorationLock speedFull tech treeHidden civsTurbo modeCheats
Victory
Defeat
🇨🇱 Berbers · Chile
1100
+16
🇨🇴 Mongols · Colombia
1109
-16
JLlanqui
7:20 Loom
9:46 Feudal Age
11:04 Double-Bit Axe
16:43 Horse Collar
25:06 Castle Age
25:44 Fletching
25:55 Padded Archer Armor
25:53 Gold Mining
29:03 Husbandry
32:42 Leather Archer Armor
QuBit
8:42 Feudal Age
7:10 Loom
9:46 Double-Bit Axe
13:57 Town Watch
20:38 Castle Age
24:43 Fletching
30:08 Bodkin Arrow
30:53 Padded Archer Armor
Connection lost

Rejoining the realm…

Still unreachable

The connection could not be restored.

Session expired

The server has moved on; the page needs a fresh start.